 Dungeon Crawl Stone Soup version 0.31-a0-819-gf6de2f5ab6 (webtiles) character file.

Game seed: 5537222359193644654

2717 Kurtz the Cleaver (level 9, -10/61 (64) HPs)
             Began as an Octopode Fighter on Sept 25, 2023.
             Was a Believer of Okawaru.
             Mangled by an orc warrior
             ... wielding a +0 short sword
              (13 damage)
             ... on level 7 of the Dungeon.
             The game lasted 00:07:37 (7335 turns).

Kurtz the Cleaver (Octopode Fighter)                Turns: 7335, Time: 00:07:38

HP:   -10/61 (64)   AC:  1    Str: 21    XL:     9   Next: 66%
MP:   11/11         EV: 15    Int: 11    God:    Okawaru [**....]
Gold: 341           SH:  5    Dex: 16    Spells: 8/8 levels left

rFire   . . .        c - +3 whip "Suskamoa" {heavy, rElec Str+4 Dex+3}
rCold   + . .        b - +0 buckler
rNeg    + . .        (helmet restricted)
rPois   .            x - amulet of the acrobat
rElec   +            e - ring of flight
rCorr   .            n - ring of positive energy
SInv    .            u - ring of willpower
Will    +....        l - ring of protection from cold
Stlth   ++           (no ring)
HPRegen 0.30/turn    (no ring)
MPRegen 0.12/turn    (no ring)
                     (no ring)

%: acrobat
@: flying, lightly drained
A: almost no armour, amphibious, 8 rings, camouflage 1, gelatinous body 1,
(nimble swimmer 1), tentacles
a: Renounce Religion, Heroism


You were on level 7 of the Dungeon.
You worshipped Okawaru.
Okawaru was pleased with you.
You visited 2 branches of the dungeon, and saw 9 of its levels.

You collected 341 gold pieces.

Inventory:

Hand Weapons
 a - a +0 war axe
 c - the +3 whip "Suskamoa" (weapon) {heavy, rElec Str+4 Dex+3}
   (You found it on level 4 of the Dungeon)

   Str+4:     It affects your strength (+4).
   Dex+3:     It affects your dexterity (+3).
   rElec:     It insulates you from electricity.
Missiles
 A - 10 poisoned darts (quivered)
 L - 5 silver javelins
 M - 2 atropa-tipped darts
Armour
 b - a +0 buckler (worn)
Jewellery
 d - an amulet of magic regeneration
 e - a ring of flight (left tentacle)
 j - a ring of magical power
 l - a ring of protection from cold (on tentacle)
 n - a ring of positive energy (right tentacle)
 u - a ring of willpower (on tentacle)
 x - an amulet of the acrobat (around mantle)
 K - a ring of protection from fire
Wands
 F - a wand of light (12)
Scrolls
 f - a scroll of revelation {unknown}
 g - 3 scrolls of teleportation
 h - 2 scrolls of vulnerability {unknown}
 m - 5 scrolls of identify {unknown}
 q - a scroll of poison {unknown}
 r - a scroll of butterflies {unknown}
 s - a scroll of acquirement {unknown}
 t - 2 scrolls of noise {unknown}
 v - 3 scrolls of fog {unknown}
 w - 2 scrolls of immolation {unknown}
 y - a scroll of torment {unknown}
 B - a scroll of blinking {unknown}
 D - a scroll of amnesia {unknown}
 G - a scroll of fear {unknown}
 J - a scroll of enchant armour {unknown}
Potions
 i - a potion of cancellation
 k - a potion of magic {unknown}
 o - 2 potions of lignification {unknown}
 p - a potion of resistance {unknown}
 z - a potion of heal wounds {unknown}
 C - a potion of berserk rage {unknown}
 E - a potion of enlightenment {unknown}
 H - a potion of invisibility {unknown}
 I - a potion of haste


   Skills:
 * Level 7.5 Fighting
 * Level 8.9 Axes
 * Level 5.4 Dodging
 * Level 4.5 Shields
 * Level 3.5 Invocations


You had 8 spell levels left.
You didn't know any spells.
Your spell library contained the following spells:

 Spells                   Type           Power      Damage    Failure   Level
 Apportation              Tloc           0%         N/A       41%         1
 Freeze                   Ice            0%         1d3       41%         1
 Necrotise                Necr           0%         1d4       41%         1
 Sandblast                Erth           0%         2d4       41%         1
 Sting                    Tmut/Pois      0%         1d3       41%         1
 Ensorcelled Hibernation  Hex/Ice        0%         N/A       54%         2
 Passwall                 Tmut/Erth      0%         N/A       54%         2
 Frozen Ramparts          Ice            0%         1d1       78%         3
 Hailstorm                Conj/Ice       0%         3d3       78%         3
 Ozocubu's Armour         Ice            0%         N/A       78%         3
 Stone Arrow              Conj/Erth      0%         3d7       78%         3
 Brom's Barrelling Bould  Conj/Erth      0%         2d3       99%         4
 Summon Small Mammal      Summ           Unusable   N/A       N/A         1
 Summon Ice Beast         Ice/Summ       Unusable   N/A       N/A         4

Dungeon Overview and Level Annotations

Branches:
Dungeon (8/15)             Temple (1/1) D:4
   Lair: D:8-11

Altars:
Ashenzari
Cheibriados
Dithmenos
Elyvilon
Fedhas
Gozag
Hepliaklqana
Kikubaaqudgha
Makhleb
Nemelex Xobeh
Okawaru
Qazlal
Ru
Sif Muna
Trog
Uskayaw
Vehumet
Wu Jian
Xom
Yredelemnul
Zin
The Shining One

Shops:
D:3 !

Annotations:
D:3 exclusion: downstairs


Innate Abilities, Weirdness & Mutations

You cannot wear most types of armour.
You are amphibious.
You can wear up to eight rings at the same time.
Your skin changes colour to match your surroundings (Stealth+).
Your rubbery body absorbs attacks. (AC +1, EV +1)
((You are camouflaged when in or above water. (Stealth+)))
You have tentacles for arms and can constrict up to eight enemies at once.


Message History

Unknown command.
The orc priest looks encouraged for a moment.
There is a stone staircase leading up here.
You fly upwards.
There is a stone staircase leading down here.
You start resting.
HP restored.
You fly downwards.
The orc closely misses you. The orc misses you.
There is a stone staircase leading up here.
You whack the orc warrior! You grab the orc warrior.
You squeeze the orc warrior, but do no damage.
The orc warrior is heavily wounded.
You constrict the orc warrior. The orc warrior closely misses you.
The orc closely misses you.
You hit the orc warrior.
The orc warrior is severely wounded.
You constrict the orc warrior.
The orc warrior hits you with a +0 short sword!
The orc hits you with a +0 whip.
The orc warrior hits you with a +0 short sword.
The orc priest invokes the aid of Beogh against you.
Beogh smites you!
You are too injured to fight recklessly!
Unknown command.
You are too injured to fight recklessly!
You are too injured to fight recklessly!
You release your grip on the orc warrior.
The orc hits you with a +0 whip.
The orc warrior hits you with a +0 short sword!
* * * LOW HITPOINT WARNING * * *
You fly upwards.
There is a stone staircase leading down here.
Unknown command.
You hit the orc warrior but do no damage.
You grab the orc warrior.
The orc warrior is almost dead.
You constrict the orc warrior. The orc hits you with a +0 whip.
* * * LOW HITPOINT WARNING * * *
The orc warrior hits you with a +0 short sword!
You die...

...### ##...# ##...#.. .###
##..## #...###. ..###
###....# ##...# #.
....########......## ##...##
#^ ...................#
##....# #.
..................)####.....#
#.
######..............##......#
##. #
##.........o...#.......# #..
# #.........@o..........###..
#..........................
##.......#..#########......
#......###..# ##..#..
##...### #..# ##.... # ##.###
##.# ##... # ##.## #.# ##.. #
#.## ### ### ###


You could see an orc warrior and an orc.

Vanquished Creatures
  Grinder (D:4)
  A water moccasin (D:6)
  An orc warrior (D:8)
  An ice beast (D:6)
  2 black bears
  3 sky beasts (D:7)
  3 ogres
  2 centaurs (D:8)
  A phantom (D:5)
  2 bullfrogs
  3 scorpions
  4 wights (D:8)
  3 howler monkeys (D:8)
  A crimson imp (D:5)
  A gnoll bouda (D:6)
  A jelly (D:7)
  2 orc priests (D:4)
  5 iguanas
  3 orc wizards
  13 gnolls
  7 adders
  A shadow imp (D:7)
  An ufetubus (D:4)
  An adder zombie (D:3)
  3 worms
  A dart slug (D:1)
  13 orcs
  3 bats
  7 endoplasms
  2 giant cockroaches
  2 goblins (D:1)
  8 hobgoblins
  6 jackals
  3 quokkas
  3 ball pythons
  A ball python skeleton (D:3)
  4 frilled lizards
  A giant cockroach zombie (D:3)
  2 jackal zombies (D:3)
  2 kobolds
  7 rats
131 creatures vanquished.

Notes
Turn   | Place    | Note
-------+----------+-------------------------------------------
     0 | D:1      | Kurtz the Octopode Fighter began the quest for the Orb.
     0 | D:1      | Reached XP level 1. HP: 16/16 MP: 1/1
   336 | D:1      | Reached XP level 2. HP: 18/21 MP: 2/2
   804 | D:2      | Reached XP level 3. HP: 27/27 MP: 3/3
  1078 | D:3      | Reached skill level 3 in Axes
  1357 | D:3      | Reached XP level 4. HP: 28/33 MP: 4/4
  1722 | D:3      | Found Weps's Distillery.
  1815 | D:4      | Noticed Grinder
  1823 | D:4      | Paralysed by Grinder for 4 turns
  1829 | D:4      | Killed Grinder
  1830 | D:4      | Reached skill level 5 in Axes
  1830 | D:4      | Reached XP level 5. HP: 9/38 MP: 5/5
  1830 | D:4      | Reached XP level 6. HP: 11/44 MP: 6/6
  1956 | D:4      | Noticed a black bear
  2018 | D:4      | Identified the +3 whip "Suskamoa" {heavy, rElec Str+4
                  | Dex+3}
  2028 | D:4      | Reached skill level 6 in Axes
  2105 | D:4      | Killed a black bear
  2106 | D:4      | Reached XP level 7. HP: 34/49 MP: 7/7
  2209 | D:4      | Found a staircase to the Ecumenical Temple.
  2237 | Temple   | Entered the Ecumenical Temple
  2249 | Temple   | Became a worshipper of Warmaster Okawaru
  2704 | D:5      | Entered Level 5 of the Dungeon
  2958 | D:5      | Reached skill level 7 in Axes
  3409 | D:4      | Reached skill level 1 in Invocations
  3445 | D:4      | Reached skill level 5 in Fighting
  3586 | D:5      | Reached XP level 8. HP: 52/55 MP: 8/8
  3759 | D:5      | Got a loosely-bound book
  4016 | D:5      | Reached * piety under Okawaru
  4058 | D:5      | Found a shadowy altar of Dithmenos.
  4159 | D:5      | Found a burning altar of Makhleb.
  4397 | D:6      | Reached skill level 8 in Axes
  5134 | D:6      | Reached XP level 9. HP: 62/62 MP: 10/10
  5669 | D:7      | Reached ** piety under Okawaru
  6606 | D:8      | Reached skill level 5 in Dodging
  7335 | D:7      | HP: 3/61 [orc/+0 whip (6)]
  7335 | D:7      | Mangled by an orc warrior

Illustrated notes

Levels and vault maps discovered:
D:1:      dpeg_arrival_radiant, layout_basic, minmay_crystal_water, hex_large,
          kennysheep_decorative_pillar
D:2:      layout_basic
D:3:      layout_loops_cross, serial_undead, serial_undead_c, serial_undead_a,
          serial_undead_f, serial_undead_e, serial_shops, shop,
          minmay_misc_feat_pillars, dreamdust_princess_bridge
D:4:      layout_rooms, minmay_temple_entry_tees, feat_on_display, uniq_grinder
D:5:      layout_loops_ring, makhleb_grotto_becter, grunt_dithmenos_shadows
D:6:      layout_basic
D:7:      layout_layer_cave, hangedman_abyss_or_decor_passed
D:8:      layout_loops_corners, minmay_misc_feat_tiny
Temple:   nicolae_temple_bog_church

Skill      XL: |  1  2  3  4  5  6  7  8  9 |
---------------+----------------------------+-----
Axes           | 3 5 6 7 8 |  8.9
Fighting       | 4 5 6 7 |  7.5
Invocations    | 1 2 3 |  3.5
Dodging        | 4 5 |  5.4
Shields        | 4 |  4.5

Action                     |  1- 3 |  4- 6 |  7- 9 || total
---------------------------+-------+-------+-------++-------
  Melee: War axe           |    64 |    33 |       ||    97
         Constrict         |    11 |    15 |    45 ||    71
         Tentacles         |     7 |     9 |    39 ||    55
         Punch             |       |     1 |     1 ||     2
         Whip              |       |    10 |   170 ||   180
  Throw: Dart              |       |       |     5 ||     5
 Invoke: Heroism           |       |       |     1 ||     1
    Use: Potion            |       |     1 |     4 ||     5
         Scroll            |       |       |     1 ||     1
   Stab: Sleeping          |     8 |     1 |    10 ||    19
         Distracted        |       |       |     1 ||     1
 Armour: Skin              |    26 |    15 |   103 ||   144
  Dodge: Dodged            |    42 |    30 |   128 ||   200
  Block: Buckler           |     8 |     5 |    39 ||    52

Table legend: (Time is in decaauts)
 A = Elapsed time spent in this place.
 B = Non-inter-level travel time spent in this place.
 C = Inter-level travel time spent in this place.
 D = Time resting spent in this place.
 E = Time spent auto-exploring this place.
 F = Levels seen in this place.
 G = Mean time per level.
                   A        B        C        D        E       F      G
               +--------+--------+--------+--------+--------+-----+--------+
         Total |   7423 |   6904 |    519 |   1443 |   4194 |   9 |  824.8 |
       Dungeon |   7398 |   6891 |    507 |   1443 |   4194 |   8 |  924.8 |
        Temple |     25 |     13 |     12 |      0 |      0 |   1 |   25.0 |
               +--------+--------+--------+--------+--------+-----+--------+

Top non-repeatable levels by time:
     D:5: 1440 daAuts
     D:7: 1146 daAuts
     D:4: 980 daAuts
     D:6: 941 daAuts
     D:3: 902 daAuts
     D:8: 871 daAuts
     D:1: 802 daAuts
     D:2: 312 daAuts
  Temple: 25 daAuts
